 Dungeon Crawl Stone Soup version 0.31-a0-265-gcf7e37af1d (webtiles) character file.

Game seed: 855741181918568918

372 qw the Shooter (level 6, -1/52 HPs)
             Began as a Minotaur Hexslinger on July 13, 2023.
             Slain by Grinder (6 damage)
             ... on level 3 of the Dungeon.
             The game lasted 00:00:53 (1973 turns).

qw the Shooter (Minotaur Hexslinger)                Turns: 1973, Time: 00:00:54

Health: -1/52      AC:  2    Str: 13    XL:     6   Next: 43%
Magic:  6/6        EV: 12    Int: 10    God:
Gold:   132        SH:  0    Dex: 14    Spells: 6/7 levels left

rFire   . . .        Y - +1 sling
rCold   + . .        (no shield)
rNeg    . . .        f - +0 robe {rC+}
rPois   .            (helmet restricted)
rElec   .            (no cloak)
rCorr   .            (no gloves)
SInv    .            (no boots)
Will    .....        (no amulet)
Stlth   +            (no ring)
HPRegen 0.28/turn    (no ring)
MPRegen 0.10/turn

%: no passive effects
@: no status effects
A: horns 2, retaliatory headbutt
a: no special abilities


You were on level 3 of the Dungeon.
You visited 1 branch of the dungeon, and saw 3 of its levels.

You collected 132 gold pieces.


Innate Abilities, Weirdness & Mutations

You have a pair of horns on your head.
You reflexively headbutt those who attack you in melee.


   Skills:
 - Level 4.1 Fighting
 + Level 6.3 Ranged Weapons
 - Level 1.9 Armour
 - Level 2.1 Dodging
 - Level 1.0 Spellcasting
 - Level 2.0 Hexes


You had 6 spell levels left.
You knew the following spells:

 Your Spells              Type           Power      Damage    Failure   Level
a - Slow                  Hex            16%        N/A       16%         1

Your spell library contained the following spells:

 Spells                   Type           Power      Damage    Failure   Level
 Inner Flame              Hex/Fire       2%         N/A       56%         3
 Portal Projectile        Hex/Tloc       4%         N/A       56%         3
 Cause Fear               Hex            2%         N/A       83%         4

Inventory:

Hand Weapons
 Y - a +1 sling (weapon)
Armour
 e - a +0 ring mail
 f - a +0 robe of cold resistance (worn)
Potions
 d - a potion of cancellation {unknown}
 g - a potion of might {unknown}
 h - a potion of curing {unknown}
 i - a potion of lignification {unknown}

Dungeon Overview and Level Annotations

Branches:
Dungeon (3/15)

Altars:

Portals:
Sewer: D:3

Annotations:
D:3 Grinder


Message History

You shoot a sling bullet. The sling bullet barely misses Grinder.
You shoot a sling bullet.
The sling bullet closely misses Grinder.
Grinder gestures at you. You resist with significant effort.
You shoot a sling bullet. The sling bullet hits Grinder.
Grinder is lightly wounded.
You shoot a sling bullet. The sling bullet hits Grinder!
Grinder is moderately wounded.
Grinder barely misses you.
You shoot a sling bullet.
The sling bullet closely misses Grinder.
Grinder gestures at you. Pain shoots through your body!
You shoot a sling bullet.
The sling bullet completely misses Grinder.
Grinder hits you.
You writhe in agony.
You shoot a sling bullet. The sling bullet hits Grinder.
Grinder is moderately wounded.
Grinder hits you!
You writhe in agony.
You shoot a sling bullet. The sling bullet barely misses Grinder.
Grinder barely misses you. You furiously retaliate!
You headbutt Grinder. You shoot a sling bullet.
The sling bullet completely misses Grinder.
Grinder hits you.
You writhe in agony.
You shoot a sling bullet.
The sling bullet hits Grinder but does no damage.
Grinder is heavily wounded.
Grinder barely misses you.
You shoot a sling bullet. The sling bullet hits Grinder.
Grinder is heavily wounded.
Grinder hits you!
You shoot a sling bullet.
The sling bullet hits Grinder but does no damage.
Grinder is heavily wounded.
Grinder barely misses you. Grinder hits you.
You writhe in agony.
You shoot a sling bullet. The sling bullet hits Grinder.
Grinder is heavily wounded.
Grinder hits you.
You writhe in agony.
You die...

#..##...
##.
#..##...
#. #..# ##
#..# ##..#
#...# ..
#...## #.
#.5..# ##
#.@#.# .
#<.#.##
#..#..###
##
#...#...#
..
#.#[.##.##
#.##.....#
#.##.....#
#.###.?..#
#.# #....#
#


You could see Grinder.

Vanquished Creatures
  Sigmund (D:2)
  Natasha (thrice) (D:2)
  Robin (D:3)
  3 gnolls (D:3)
  4 adders
  2 worms
  A dart slug (D:2)
  5 ball pythons
  3 bats
  2 endoplasms (D:1)
  4 giant cockroaches (D:3)
  3 hobgoblins (D:3)
  4 jackals
  3 quokkas
  A frilled lizard (D:1)
  6 goblins
  5 kobolds
  5 rats
56 creatures vanquished.

Notes
Turn   | Place    | Note
-------+----------+-------------------------------------------
     0 | D:1      | qw the Minotaur Hexslinger began the quest for the Orb.
     0 | D:1      | Reached XP level 1. HP: 16/16 MP: 1/1
     0 | D:1      | 0 ||| qw: Version: 0.3-a-52-g30416fa
     0 | D:1      | 0 ||| qw: Game counter: 7599
     0 | D:1      | 0 ||| qw: Melee chars always use a shield: true
     0 | D:1      | 0 ||| qw: God list: Okawaru
     0 | D:1      | 0 ||| qw: Allow faded altars: false
     0 | D:1      | 0 ||| qw: Do Orc after clearing Dungeon:15 true
     0 | D:1      | 0 ||| qw: Do second Lair branch before Depths: true
     0 | D:1      | 0 ||| qw: Lair rune preference: random
     0 | D:1      | 0 ||| qw: Goals: Normal
     0 | D:1      | 0 ||| PLANNING D:1-11
    47 | D:1      | Reached skill level 3 in Ranged Weapons
    73 | D:1      | Reached XP level 2. HP: 23/23 MP: 2/2
   207 | D:1      | Found a faded altar of an unknown god.
   679 | D:1      | 679 ||| UPGRADING to +0 leather armour.
   689 | D:1      | 689 ||| DROPPING +0 robe.
   690 | D:1      | 690 ||| UPGRADING to +0 ring mail.
   700 | D:1      | 700 ||| DROPPING +0 leather armour.
   701 | D:1      | 701 ||| DROPPING scarf of invisibility.
   702 | D:1      | 702 ||| READING scroll labelled ZOOJ VAERY.
   703 | D:1      | 703 ||| DROPPING scroll of poison.
   780 | D:2      | 780 ||| Stepping ~*~*~tactically~*~*~ (outnumbered).
   787 | D:2      | Reached XP level 3. HP: 26/29 MP: 3/3
   869 | D:2      | Reached skill level 4 in Ranged Weapons
   886 | D:2      | Noticed Natasha
   893 | D:2      | Killed Natasha
   894 | D:2      | Reached skill level 1 in Armour
   894 | D:2      | Reached XP level 4. HP: 34/36 MP: 4/4
   969 | D:2      | Noticed Sigmund
   971 | D:2      | 971 ||| FLEEEEING.
   985 | D:2      | HP: 8/36 [Sigmund/puff of flame (9)]
   990 | D:2      | Killed Sigmund
   991 | D:2      | Reached skill level 6 in Ranged Weapons
   991 | D:2      | Reached XP level 5. HP: 7/41 MP: 5/5
  1188 | D:2      | Noticed Natasha
  1195 | D:2      | Killed Natasha
  1268 | D:2      | Reached XP level 6. HP: 48/50 MP: 6/6
  1350 | D:2      | 1350 ||| UPGRADING to +0 robe of cold resistance.
  1360 | D:2      | 1360 ||| DROPPING amulet of magic regeneration.
  1361 | D:2      | 1361 ||| READING scroll labelled HAD KUSOLLIOGH.
  1362 | D:2      | 1362 ||| READING scroll labelled ZAROAFFEBB.
  1383 | D:2      | Noticed Natasha
  1391 | D:2      | Killed Natasha
  1392 | D:2      | Reached skill level 3 in Fighting
  1492 | D:2      | 1492 ||| READING scroll labelled IJINEPPEOHA.
  1497 | D:2      | 1497 ||| READING scroll labelled HILUQUEQ PENIW.
  1508 | D:3      | 1508 ||| PLANNING SEWER
  1569 | D:3      | Noticed Robin
  1571 | D:3      | 1571 ||| Stepping ~*~*~tactically~*~*~ (outnumbered).
  1573 | D:3      | 1573 ||| Stepping ~*~*~tactically~*~*~ (outnumbered).
  1586 | D:3      | Killed Robin
  1776 | D:3      | Found a glowing drain.
  1777 | D:3      | 1777 ||| READING scroll labelled UGETRI LACWUA.
  1783 | D:3      | Noticed Grinder
  1788 | D:3      | Paralysed by Grinder for 5 turns
  1793 | D:3      | HP: 12/52 [Grinder (6)]
  1794 | D:3      | 1794 ||| READING scroll of teleportation.
  1801 | D:3      | 1801 ||| FLEEEEING.
  1802 | D:3      | 1802 ||| FLEEEEING.
  1803 | D:3      | 1803 ||| FLEEEEING.
  1804 | D:3      | 1804 ||| FLEEEEING.
  1805 | D:3      | 1805 ||| FLEEEEING.
  1814 | D:3      | 1814 ||| STAIRDANCE
  1958 | D:3      | Paralysed by Grinder for 3 turns
  1972 | D:3      | HP: 10/52 [Grinder (6)]
  1973 | D:3      | Slain by Grinder

Levels and vault maps discovered:
D:1:      heliophobic_arrival_ceremonial_halls, layout_loops_ring,
          shapermc_ecumenical_altar_starsandcircs
D:2:      layout_rooms, uniq_sigmund, uniq_natasha
D:3:      layout_rooms, cheibrodos_sewer_entry_drain, kennysheep_donut,
          uniq_ijyb, uniq_grinder, uniq_robin

Skill      XL: |  1  2  3  4  5  6 |
---------------+-------------------+-----
Ranged Weapons | 3 4 6 |  6.3
Fighting       | 2 4 |  4.1
Armour         | 1 |  1.9
Dodging        | |  2.1
Spellcasting   | |  1.0
Hexes          | |  2.0

Action                     |  1- 3 |  4- 6 || total
---------------------------+-------+-------++-------
   Fire: Sling             |    83 |   126 ||   209
    Use: Scroll            |     1 |     6 ||     7
 Armour: Ring mail         |    16 |     3 ||    19
         Robe              |     3 |     8 ||    11
  Dodge: Dodged            |    28 |    45 ||    73

Table legend:
 A = Non-vault XP
 B = Vault XP
 C = Vault XP percentage of total XP
 D = Non-vault monster count
 E = Vault monster count
 F = Vault count percentage of total count
                 A         B        C        D         E       F
            +---------+---------+-------+---------+---------+-------
      Total |     225 |     307 |  57.7 |      44 |      12 |  21.4
            +---------+---------+-------+---------+---------+-------
        D:1 |      25 |       0 |   0.0 |      16 |       0 |   0.0
        D:2 |     135 |     272 |  66.8 |      18 |       2 |  10.0
        D:3 |      65 |      35 |  35.0 |      10 |      10 |  50.0
            +---------+---------+-------+---------+---------+-------
